 Dungeon Crawl Stone Soup version 0.24-a0-201-gf205589 (webtiles) character file.

Game seed: 10498335622843707433

1429 Inarius the Chopper (level 8, 0/61 HPs)
             Began as a Demonspawn Monk on Mar 21, 2019.
             Was a Plaything of Xom.
             Slain by a sky beast (5 damage)
             ... on level 7 of the Dungeon.
             The game lasted 00:16:16 (7393 turns).

Inarius the Chopper (Demonspawn Monk)               Turns: 7393, Time: 00:16:17

Health: 0/61       AC: 12    Str: 13    XL:     8   Next: 44%
Magic:  9/9        EV:  4    Int: 12    God:    Xom [.*....]
Gold:   524        SH:  8    Dex: 16    Spells: 7/7 levels left

rFire    . . .     SeeInvis .   l - +1 short sword (flame)
rCold    . . .     Gourm    .   g - +0 shield
rNeg     + . .     Faith    .   o - +0 chain mail
rPois    .         Spirit   .   (helmet restricted)
rElec    .         Reflect  .   (no cloak)
rCorr    +         Harm     .   (no gloves)
MR       .....                  E - +0 pair of boots
Stlth    ..........             j - amulet of magic regeneration
HPRegen  0.20/turn              v - ring of Qima {rCorr rN+}
MPRegen  0.36/turn              (no ring)

@: no status effects
A: antennae 2, thin metallic scales 1, demonic guardian 1
a: Renounce Religion


You were on level 7 of the Dungeon.
You worshipped Xom.
You were a plaything of Xom.
You were not hungry.

You visited 2 branches of the dungeon, and saw 8 of its levels.
You also visited: Ossuary.

You collected 524 gold pieces.

Inventory:

Hand Weapons
 a - a +1 hand axe
 k - a +2 spear of venom
 l - a +1 short sword of flaming (weapon)
Armour
 g - a +0 shield (worn)
 o - a +0 chain mail (worn)
 E - a +0 pair of boots (worn)
Jewellery
 j - an amulet of magic regeneration (around neck)
 v - the ring of Qima (left hand) {rCorr rN+}
   (You found it on level 4 of the Dungeon)

   [ring of resist corrosion]

   It protects you from negative energy.
Wands
 u - a wand of random effects (10)
 D - a wand of iceblast (4)
Scrolls
 b - 6 scrolls of remove curse
 d - 2 scrolls of immolation
 i - 5 scrolls of teleportation
 m - 4 scrolls of enchant armour
 n - a scroll of amnesia
 s - 3 scrolls of blinking
 w - a scroll of fog
 y - a scroll of summoning {unknown}
 G - a scroll of fear
 H - 2 scrolls of identify
Potions
 e - a potion of mutation {unknown}
 h - 2 potions of agility
 p - a potion of haste {unknown}
 q - a potion of resistance
 r - 2 potions of flight
 t - 4 potions of curing
 x - a potion of lignification {unknown}
 z - 2 potions of cancellation {unknown}
 A - a potion of invisibility {unknown}
 B - 2 potions of heal wounds {unknown}
 C - a potion of might
Comestibles
 c - 11 rations
 F - 3 chunks of flesh


   Skills:
 + Level 4.3 Fighting
 * Level 7.6 Axes
 + Level 3.4 Armour
 + Level 3.1 Dodging
 - Level 1.7 Stealth
 + Level 2.8 Shields
 * Level 2.5 Evocations


You had 7 spell levels left.
You didn't know any spells.
Your spell library was empty.

Dungeon Overview and Level Annotations

Branches:
Dungeon (7/15)             Temple (1/1) D:7

Altars:
Cheibriados
Dithmenos
Gozag
Hepliaklqana
Kikubaaqudgha
Makhleb
Nemelex Xobeh
Okawaru
Qazlal
Ru
Trog
Vehumet
Wu Jian
Xom
Zin
The Shining One

Shops:
D:5 }


Innate Abilities, Weirdness & Mutations

You have a pair of antennae on your head.
You are partially covered in thin metallic scales. (AC +2)
A weak demonic guardian rushes to your aid.


Message History

Your shadow imp hits the sky beast.
Evoke which item? (* to show all) (? for menu, Esc to quit)
Aiming: Random Effects
Press: ? - help, Shift-Dir - straight line, f/p - sky beast
Aim: a sky beast (moderately wounded)
The bolt of poison hits the sky beast!
The sky beast is almost dead.
The sky beast flickers out of sight!
Deactivating autopickup; reactivate with Ctrl-A.
You miss something. Something hits you.
* * * LOW HITPOINT WARNING * * *
Something shocks you.
* * * LOW HITPOINT WARNING * * *
Your shadow imp barely misses something.
Your shield and chain mail prevent you from hitting something.
Something hits you.
* * * LOW HITPOINT WARNING * * *
Something shocks you.
You die... "This toy is broken."

..... #....
#.......# #....
#.......# #....
#.......# #....
#.......######...#
#..............###
#............###
#..........###
#@{......###.#
#.5.........#{
#........###.#{
#.!.......#
#........#..#
#........#.##
####+###.# .
#.......# #
#....$..#


You could see a friendly shadow imp.

Vanquished Creatures
  An ice beast (D:3)
  An orc warrior (D:6)
  2 sky beasts
  A bullfrog (D:6)
  A killer bee (D:7)
  A howler monkey (D:6)
  An orc priest (D:4)
  2 bullfrog skeletons
  3 hounds
  2 orc wizards
  3 worker ants
  A big kobold zombie (Ossuary)
  8 mummies (Ossuary)
  8 gnolls
  10 adders
  3 oozes
  A worm (D:3)
  A dart slug (D:2)
  4 leopard geckos
  14 orcs
  A gnoll zombie (Ossuary)
  10 goblins
  17 hobgoblins
  7 jackals
  8 kobolds
  3 quokkas
  A ball python (D:2)
  6 bats
  4 frilled lizards
  2 kobold zombies (Ossuary)
  3 orc zombies (Ossuary)
  6 rats
136 creatures vanquished.

Vanquished Creatures (collateral kills)
  A hungry ghost (D:7)
  A black bear (D:7)
  A hound (D:4)
  A worker ant (D:4)
  A leopard gecko (D:4)
  A hobgoblin zombie (Ossuary)
6 creatures vanquished.

Grand Total: 142 creatures vanquished

Notes
Turn   | Place    | Note
-------+----------+-------------------------------------------
     0 | D:1      | Inarius the Demonspawn Monk began the quest for the Orb.
     0 | D:1      | Reached XP level 1. HP: 18/18 MP: 1/1
   121 | D:1      | Reached skill level 3 in Axes
   127 | D:1      | Gained mutation: You have a pair of small antennae on your
                  | head. [demonic ancestry]
   127 | D:1      | Reached XP level 2. HP: 10/24 MP: 2/2
   640 | D:1      | Reached XP level 3. HP: 14/29 MP: 3/3
  1223 | D:2      | Found a stormy altar of Qazlal.
  1366 | D:2      | Found an iron altar of Okawaru.
  1501 | D:2      | Gained mutation: A weak demonic guardian rushes to your
                  | aid. [demonic ancestry]
  1501 | D:2      | Reached XP level 4. HP: 32/35 MP: 4/4
  1527 | D:2      | Found a snail-covered altar of Cheibriados.
  1579 | D:2      | Reached skill level 4 in Axes
  1919 | D:3      | Noticed an ice beast
  1944 | D:3      | Killed an ice beast
  1944 | D:3      | Reached skill level 1 in Armour
  1944 | D:3      | Reached skill level 1 in Shields
  1944 | D:3      | Reached XP level 5. HP: 13/41 MP: 5/5
  3007 | D:3      | Reached skill level 5 in Axes
  3394 | D:4      | Gained mutation: You are partially covered in thin metallic
                  | scales. (AC +2) [demonic ancestry]
  3394 | D:4      | Reached XP level 6. HP: 47/47 MP: 6/6
  3518 | D:4      | Found a radiant altar of Vehumet.
  3562 | D:4      | Got a shimmering pewter ring
  3657 | D:4      | Identified the ring of Qima {rCorr rN+} (You found it on
                  | level 4 of the Dungeon)
  4040 | D:4      | Reached skill level 6 in Axes
  4087 | D:4      | Reached XP level 7. HP: 9/52 MP: 7/7
  4302 | D:4      | Found a glowing golden altar of the Shining One.
  4473 | D:4      | Found an opulent altar of Gozag.
  4481 | D:4      | Found a bloodstained altar of Trog.
  4483 | D:4      | Found an ancient bone altar of Kikubaaqudgha.
  4633 | D:4      | Found a shadowy altar of Dithmenos.
  4642 | D:4      | Found a hazy altar of Hepliaklqana.
  4646 | D:4      | Found a sacrificial altar of Ru.
  4710 | D:5      | Entered Level 5 of the Dungeon
  5037 | D:5      | Found an ornate altar of the Wu Jian Council.
  5056 | D:5      | Found Wutho's Gadget Emporium.
  5975 | D:6      | Found a sand-covered staircase.
  6059 | Ossuary  | Entered an ossuary
  6482 | D:6      | Reached skill level 7 in Axes
  6550 | D:6      | Reached skill level 1 in Evocations
  6550 | D:6      | Gained mutation: You have a pair of antennae on your head.
                  | [demonic ancestry]
  6550 | D:6      | Reached XP level 8. HP: 51/60 MP: 8/8
  7197 | D:7      | Found a staircase to the Ecumenical Temple.
  7208 | Temple   | Entered the Ecumenical Temple
  7221 | Temple   | Became a worshipper of Xom the Psychotic
  7393 | D:7      | Slain by a sky beast

Levels and vault maps discovered:
D:1:      wander_arrival_desolate, layout_basic
D:2:      layout_rooms, nicolae_qazlal_general_emergency,
          kennysheep_slug_shrine, minmay_misc_feat_pillars,
          okawaru_ov_weapons_minmay
D:3:      layout_basic, first_ration, minmay_puff
D:4:      layout_loops_ring, minmay_overflow_temple_star_quad,
          vehumet_altar_wand_db, lemuel_round_altar, minitemple
D:5:      layout_loops_corners, kennysheep_mini, serial_shops, shop,
          chequers_garden, sigmund_army
D:6:      layout_loops_ring, lightli_ossuary_entry_decrepit_ruins
D:7:      minmay_the_grid_triangle_9x9_rhombus_thin
          [minmay_the_grid_triangle_9x9_steps,
          minmay_the_grid_triangle_9x9_prize_center,
          minmay_the_grid_triangle_9x9_from_above,
          minmay_the_grid_triangle_9x9_checkered], layout_gridville,
          minmay_temple_entry_steel_oval, serial_shops, nicolae_shop_trees,
          kennysheep_mini_moat
Temple:   zaba_magenta_temple
Ossuary:  ossuary_tomb_3

Skill      XL: |  1  2  3  4  5  6  7  8 |
---------------+-------------------------+-----
Axes           | 3 4 5 6 7 |  7.6
Dodging        | 3 |  3.1
Armour         | 1 3 |  3.4
Shields        | 1 2 |  2.8
Fighting       | 4 |  4.3
Evocations     | 1 2 |  2.5
Stealth        | |  1.7

Action                   |  1- 3 |  4- 6 |  7- 9 || total
-------------------------+-------+-------+-------++-------
Melee: Hand axe          |   117 |   264 |   185 ||   566
       Spear             |       |     5 |     3 ||     8
       Short sword       |       |       |     3 ||     3
Evoke: Wand              |       |     9 |    27 ||    36
  Use: Scroll            |     7 |     3 |     4 ||    14
       Potion            |       |     2 |     3 ||     5
 Stab: Sleeping          |     2 |       |       ||     2
       Distracted        |       |       |     1 ||     1
  Eat: Chunk             |     2 |     9 |     3 ||    14
       Ration            |       |       |     2 ||     2
Armor: Ring mail         |    55 |     2 |       ||    57
       Robe              |     1 |       |       ||     1
       Chain mail        |       |   114 |   112 ||   226
Dodge: Dodged            |    65 |    42 |    30 ||   137
Block: Shield            |    39 |    83 |    84 ||   206

Table legend:
 A = Non-vault XP
 B = Vault XP
 C = Vault XP percentage of total XP
 D = Non-vault monster count
 E = Vault monster count
 F = Vault count percentage of total count
                 A         B        C        D         E       F
            +---------+---------+-------+---------+---------+-------
      Total |    1821 |     221 |  10.8 |     116 |      26 |  18.3
            +---------+---------+-------+---------+---------+-------
        D:1 |      53 |       0 |   0.0 |      27 |       0 |   0.0
        D:2 |      75 |       4 |   5.1 |      22 |       1 |   4.3
        D:3 |     201 |      30 |  13.0 |      17 |       4 |  19.0
        D:4 |     371 |       2 |   0.5 |      25 |       1 |   3.8
        D:5 |      70 |      19 |  21.3 |       7 |       4 |  36.4
        D:6 |     531 |       0 |   0.0 |      13 |       0 |   0.0
        D:7 |     520 |       0 |   0.0 |       5 |       0 |   0.0
    Ossuary |       0 |     166 | 100.0 |       0 |      16 | 100.0
            +---------+---------+-------+---------+---------+-------
